 Dungeon Crawl Stone Soup version 0.27-a0-1065-ge809cff456 (webtiles) character file.

Game seed: 11818731885012271747

12711 Bapho the Carver (level 11, -11/85 HPs)
             Began as a Pale Draconian Fighter on Apr 22, 2021.
             Was an Elder of the Shining One.
             Mangled by a komodo dragon (25 damage)
             ... on level 1 of the Lair of Beasts.
             The game lasted 00:26:47 (14609 turns).

Bapho the Carver (Pale Draconian Fighter)          Turns: 14609, Time: 00:26:48

Health: -11/85     AC:  9    Str: 21    XL:     11   Next: 66%
Magic:  13/13      EV: 11    Int:  9    God:    the Shining One [****..]
Gold:   652        SH:  0    Dex: 11    Spells: 10/10 levels left

rFire    . . .     SeeInvis .   a - +1 long sword
rCold    . . .     Faith    .   b - +1 kite shield
rNeg     + + .     Spirit   .   (armour unavailable)
rPois    .         Reflect  .   (helmet restricted)
rElec    .         Harm     .   H - +0 cloak
rCorr    +         Rampage  .   (no gloves)
Will     .....                  d - +0 pair of boots
Stlth    +.........             g - amulet of the acrobat
HPRegen  0.24/turn              p - ring of wizardry
MPRegen  0.13/turn              r - ring of resist corrosion

@: confused, short of breath, ambrosia-drunk, glowing
A: breathe steam, AC +7, unfitting armour, cold-blooded, steam resistance
a: Breathe Steam, Renounce Religion, Divine Shield, Cleansing Flame


You were on level 1 of the Lair of Beasts.
You worshipped the Shining One.
The Shining One was greatly pleased with you.
You visited 2 branches of the dungeon, and saw 10 of its levels.
You also visited: Ossuary.

You collected 652 gold pieces.

Inventory:

Hand Weapons
 a - a +1 long sword (weapon)
 j - a +2 falchion of holy wrath
Missiles
 e - 274 stones (quivered)
 m - 2 throwing nets
 D - a curare-tipped dart
 E - 17 javelins
Armour
 b - a +1 kite shield (worn)
 d - a +0 pair of boots (worn)
 H - a +0 cloak (worn)
Jewellery
 g - an amulet of the acrobat (around neck)
 p - a ring of wizardry (left hand)
 r - a ring of resist corrosion (right hand)
 I - a ring of poison resistance
Wands
 o - a wand of flame (38)
 u - a wand of paralysis (13)
 x - a wand of charming (6)
 B - a wand of acid (5)
 F - a wand of polymorph (7)
 J - a wand of iceblast (11)
Scrolls
 f - a scroll of vulnerability {unknown}
 k - 3 scrolls of immolation
 l - 3 scrolls of teleportation
 t - 4 scrolls of magic mapping {unknown}
 v - a scroll of enchant armour
 y - 6 scrolls of noise
 z - a scroll of fear {unknown}
 A - 2 scrolls of fog {unknown}
 C - 5 scrolls of amnesia {unknown}
 L - a scroll of identify
Potions
 c - a potion of might
 h - 2 potions of mutation
 i - a potion of resistance
 n - 2 potions of haste
 q - 5 potions of curing
 s - 2 potions of brilliance
 w - 3 potions of flight
 G - 2 potions of heal wounds


   Skills:
 + Level 4.8 Fighting
 - Level 14.0 Long Blades
 - Level 2.6 Dodging
 * Level 10.8 Shields
 - Level 3.6 Invocations
 - Level 4.1 Evocations


You had 10 spell levels left.
You didn't know any spells.
Your spell library contained the following spells:

 Spells                   Type           Power      Damage    Failure   Level
 Magic Dart               Conj           0%         1d3       26%         1
 Summon Small Mammal      Summ           0%         N/A       26%         1
 Blink                    Tloc           N/A        N/A       38%         2
 Call Imp                 Summ           0%         N/A       38%         2
 Slow                     Hex            0%         N/A       38%         2
 Static Discharge         Conj/Air       0%         N/A       38%         2
 Sublimation of Blood     Necr           0%         N/A       38%         2
 Call Canine Familiar     Summ           0%         N/A       58%         3
 Confusing Touch          Hex            0%         N/A       58%         3
 Conjure Flame            Conj/Fire      0%         6-21      58%         3
 Gell's Gravitas          Tloc           0%         N/A       58%         3
 Ignite Poison            Fire/Tmut/Pois 0%         N/A       58%         3
 Mephitic Cloud           Conj/Pois/Air  0%         N/A       58%         3
 Summon Guardian Golem    Hex/Summ       0%         N/A       58%         3
 Petrify                  Tmut/Erth      0%         N/A       92%         4
 Summon Ice Beast         Ice/Summ       0%         N/A       92%         4
 Summon Lightning Spire   Summ/Air       0%         N/A       92%         4
 Alistair's Intoxication  Tmut/Pois      0%         N/A       99%         5
 Irradiate                Conj/Tmut      0%         3d13      99%         5
 Lightning Bolt           Conj/Air       0%         1d11      99%         5
 Metabolic Englaciation   Hex/Ice        0%         N/A       99%         5
 Yara's Violent Unravell  Hex/Tmut       0%         3d3       99%         5
 Eringya's Noxious Bog    Tmut/Pois      0%         N/A       100%        6
 Ignition                 Fire           0%         3d3       100%        8
 Shatter                  Erth           0%         3d5*      100%        9
 Tornado                  Air            0%         N/A       100%        9


Dungeon Overview and Level Annotations

Branches:
Dungeon (9/15)             Temple (0/1) D:7            Lair (1/6) D:9
Ossuary (visited)
    Orc: D:9-12

Altars:
Cheibriados
Dithmenos
Gozag
Okawaru
Trog
Uskayaw
Vehumet
Xom
Zin
The Shining One

Portals:
Abyss: D:4

Annotations:
D:4 2 transporters, Zero's ghost, novice GrEE


Innate Abilities, Weirdness & Mutations

You can breathe blasts of scalding, opaque steam.
Your pale cyan-grey scales are hard. (AC +7)
You cannot fit into any form of body armour.
You are cold-blooded and may be slowed by cold attacks.
You are immune to the effects of steam.


Message History

The komodo dragon bites you!
You hit the komodo dragon.
Your tail-slap misses the komodo dragon.
The komodo dragon is moderately wounded.
The komodo dragon completely misses you.
You riposte.
You hit the komodo dragon but do no damage.
The komodo dragon is moderately wounded.
You hit the komodo dragon.
The komodo dragon is moderately wounded.
The komodo dragon bites you!!
You are too injured to fight recklessly!
You are too injured to fight recklessly!
Press: ? - help, Shift-Dir - straight line, f/p - komodo dragon
Aim: a komodo dragon (moderately wounded, haloed)
You exhale a blast of scalding steam.
The ball of steam hits the komodo dragon.
The komodo dragon is moderately wounded.
The komodo dragon barely misses you.
You hit the komodo dragon.
The komodo dragon is heavily wounded.
The komodo dragon is engulfed in a cloud of scalding steam.
The komodo dragon bites you!
You hit the komodo dragon but do no damage.
The komodo dragon is heavily wounded.
You slash the komodo dragon! You tail-slap the komodo dragon.
The komodo dragon is severely wounded.
The komodo dragon bites you!
* * * LOW HITPOINT WARNING * * *
You hit the komodo dragon.
The komodo dragon is severely wounded.
The komodo dragon bites you but does no damage.
You are confused.
You feel invigorated. The komodo dragon bites you!!
* * * LOW HITPOINT WARNING * * *
You hit the komodo dragon.
The komodo dragon is almost dead.
The komodo dragon closely misses you.
You bump into the rock wall.
The komodo dragon bites you!!
You die...

....#.#..(#
.. #...$รท#
.. ##...##
.. ####...#
..
.P##.#..#.#
..
..........#
..
.P###...#.#
.. ##..#.#
.. #..#@#
#. ##..#l#
. #...#.# #
##..(.# #
##.#.## #
#...P# ##
#...## ###.
##...P##
#####...
#......###
#.##....


You could see a komodo dragon.

Vanquished Creatures
  A hydra (D:9)
  The ghost of grizmgrazm2 the Skirmisher, a novice OgTm of Kikubaaqudgha (D:8)
  2 two-headed ogres
  Pikel (D:6)
  A cyclops (D:9)
  Maurice (D:8)
  A black mamba (Lair:1)
  3 cane toads (Lair:1)
  2 komodo dragons (Lair:1)
  A troll (D:9)
  Grinder (D:5)
  2 wyverns
  Sigmund (D:5)
  10 yaks
  Eustachio (D:6)
  Menkaure (D:7)
  Duvessa (D:5)
  2 water moccasins
  3 orc warriors
  2 sky beasts
  5 black bears
  4 ice beasts
  A necrophage (D:7)
  3 ogres
  3 wolves (D:9)
  3 phantoms
  A centaur (D:9)
  2 kobold brigands
  2 elf zombies (Ossuary)
  5 bullfrogs
  A scorpion (D:6)
  Dowan (D:5)
  An electric eel (D:9)
  A vampire bat (D:3)
  6 howler monkeys
  2 centaur zombies
  2 bullfrog zombies (D:6)
  5 hounds
  3 orc priests
  3 centaur skeletons
  2 iguanas
  Terence (D:3)
  Jessica (D:3)
  Ijyb (D:3)
  2 orc wizards
  A killer bee zombie (D:6)
  3 hound zombies (Ossuary)
  4 mummies (Ossuary)
  A hound skeleton (D:4)
  A howler monkey zombie (D:9)
  Robin (D:2)
  A howler monkey skeleton (D:7)
  11 adders
  8 gnolls
  3 white imps (D:7)
  An adder zombie (Ossuary)
  2 worms
  3 fire bats (D:3)
  11 orcs
  2 spectral bats (D:3)
  7 ball pythons
  3 bat skeletons (D:3)
  A bat zombie (D:3)
  7 endoplasms
  4 giant cockroaches
  A gnoll zombie (Ossuary)
  22 goblins
  14 hobgoblins
  12 jackals
  2 quokkas
  13 bats
  A bat simulacrum (D:3)
  2 frilled lizards (D:2)
  A goblin zombie (Ossuary)
  2 jackal zombies (Ossuary)
  16 kobolds
  A kobold zombie (Ossuary)
  An orc zombie (Ossuary)
  6 rats
268 creatures vanquished.

Vanquished Creatures (others)
  A fungus (Lair:1)
  9 plants
10 creatures vanquished.

Grand Total: 278 creatures vanquished

Notes
Turn   | Place    | Note
-------+----------+-------------------------------------------
     0 | D:1      | Bapho the Draconian Fighter began the quest for the Orb.
     0 | D:1      | Reached XP level 1. HP: 19/19 MP: 1/1
   160 | D:1      | Reached XP level 2. HP: 26/26 MP: 2/2
   353 | D:1      | Reached skill level 3 in Long Blades
   523 | D:1      | Reached XP level 3. HP: 31/31 MP: 3/3
  1239 | D:2      | Reached XP level 4. HP: 33/38 MP: 4/4
  1379 | D:2      | Noticed Robin
  1395 | D:2      | Killed Robin
  1396 | D:2      | Reached skill level 4 in Long Blades
  2717 | D:3      | Reached XP level 5. HP: 43/45 MP: 5/5
  2728 | D:3      | Noticed Terence
  2738 | D:3      | Killed Terence
  3021 | D:3      | Noticed Jessica
  3025 | D:3      | Killed Jessica
  3026 | D:3      | Reached skill level 5 in Long Blades
  3356 | D:3      | Reached XP level 6. HP: 50/51 MP: 6/6
  3895 | D:3      | Noticed Ijyb
  3915 | D:3      | Killed Ijyb
  4349 | D:4      | Reached skill level 6 in Long Blades
  4349 | D:4      | Reached skill level 5 in Shields
  4511 | D:4      | Your scales start taking on a pale cyan-grey colour.
  4511 | D:4      | Reached XP level 7. HP: 57/57 MP: 7/7
  4511 | D:4      | Gained mutation: You are immune to the effects of steam.
                  | [Pale Draconian growth]
  4639 | D:4      | Found an iron altar of Okawaru.
  4639 | D:4      | Found a glowing golden altar of the Shining One.
  4639 | D:4      | Found an opulent altar of Gozag.
  4654 | D:4      | Became a worshipper of the Shining One
  4707 | D:4      | Found a transporter.
  4712 | D:4      | Found a one-way gate to the infinite horrors of the Abyss.
  4712 | D:4      | Noticed Zero's ghost (novice GrEE)
  4713 | D:4      | Noticed an ancient zyme
  4724 | D:4      | Found a transporter.
  5145 | D:4      | Found a radiant altar of Vehumet.
  5349 | D:4      | Reached skill level 7 in Long Blades
  5690 | D:4      | Paralysed by a hobgoblin for 6 turns
  6039 | D:5      | Entered Level 5 of the Dungeon
  6039 | D:5      | Noticed Grinder
  6054 | D:5      | Killed Grinder
  6071 | D:5      | Reached XP level 8. HP: 23/63 MP: 8/8
  6288 | D:5      | Reached skill level 8 in Long Blades
  6606 | D:5      | Reached * piety under the Shining One
  6695 | D:5      | Reached skill level 9 in Long Blades
  6705 | D:5      | Found a sand-covered staircase.
  6713 | Ossuary  | Entered an ossuary
  6741 | Ossuary  | Reached ** piety under the Shining One
  7210 | D:5      | Noticed Sigmund
  7224 | D:5      | Killed Sigmund
  7225 | D:5      | Reached XP level 9. HP: 65/70 MP: 6/9
  7282 | D:5      | Found a bloodstained altar of Trog.
  7406 | D:5      | Noticed Dowan
  7408 | D:5      | Noticed Duvessa
  7420 | D:5      | Killed Dowan
  7424 | D:5      | Killed Duvessa
  7425 | D:5      | Reached skill level 10 in Long Blades
  8162 | D:6      | Noticed Pikel
  8173 | D:6      | Killed Pikel
  8226 | D:6      | Found a hide-covered altar of Uskayaw.
  8287 | D:6      | Reached skill level 11 in Long Blades
  8339 | D:6      | Noticed Eustachio
  8363 | D:6      | Killed Eustachio
  9041 | D:7      | Noticed Menkaure
  9044 | D:7      | Killed Menkaure
  9063 | D:7      | Found a staircase to the Ecumenical Temple.
  9077 | D:7      | Found a shimmering altar of Xom.
  9111 | D:7      | Reached *** piety under the Shining One
  9388 | D:7      | Reached XP level 10. HP: 56/77 MP: 10/10
  9782 | D:7      | Reached skill level 12 in Long Blades
 10239 | D:8      | Found a snail-covered altar of Cheibriados.
 10260 | D:8      | Noticed Maurice
 10291 | D:8      | Killed Maurice
 10429 | D:8      | Noticed a two-headed ogre
 10440 | D:8      | Killed a two-headed ogre
 10619 | D:8      | Found a glowing silver altar of Zin.
 10646 | D:8      | Found a shadowy altar of Dithmenos.
 10703 | D:8      | Found a large runed translucent door.
 10703 | D:8      | Found a large runed translucent door.
 10705 | D:8      | Noticed grizmgrazm2's ghost (novice OgTm)
 10891 | D:8      | Killed grizmgrazm2's ghost
 10892 | D:8      | Reached skill level 13 in Long Blades
 11428 | D:9      | Found a staircase to the Lair.
 11971 | D:9      | Reached XP level 11. HP: 81/82 MP: 11/11
 12005 | D:9      | Reached skill level 14 in Long Blades
 12191 | D:9      | Reached skill level 1 in Invocations
 12191 | D:9      | Reached skill level 1 in Evocations
 12465 | D:9      | Noticed a two-headed ogre
 12490 | D:9      | Killed a two-headed ogre
 12514 | D:9      | Noticed an eight-headed hydra
 12533 | D:9      | Killed an eight-headed hydra
 13379 | Lair:1   | Entered Level 1 of the Lair of Beasts
 13388 | Lair:1   | Reached skill level 10 in Shields
 14068 | Lair:1   | Reached **** piety under the Shining One
 14609 | Lair:1   | Mangled by a komodo dragon

Illustrated notes

Levels and vault maps discovered:
D:1:      dpeg_arrival_lava_altar, layout_rooms, st_stairs_2,
          nrook_loot_triangle
D:2:      layout_basic, uniq_robin
D:3:      layout_basic, goddamned_bats, uniq_terence, uniq_jessica, uniq_ijyb
D:4:      kennysheep_goblin_castle, layout_loops_ring, lemuel_crystal_altar,
          gammafunk_temple_overflow_forgotten, gammafunk_ghost_abyssal_escape
D:5:      layout_loops_corners, marbit_many_paths, nicolae_ossuary_entry_plus,
          uniq_grinder, uniq_sigmund, uniq_duvessa
D:6:      minmay_general_purpose_star, layout_loops_cross,
          overflow_temple_1_default, minmay_misc_feat_more_columns, uniq_pikel,
          uniq_eustachio
D:7:      layout_basic, xom_teletrap_fun, minmay_temple_entry_sparse_star,
          uniq_menkaure
D:8:      minmay_weird_star, layout_rooms, lemuel_doored_altar,
          nicolae_dithmenos_through_a_glass_darkly, cheibriados_altar_1,
          ebering_ghost_disaster_area, uniq_maurice
D:9:      layout_loops_corners, erik_lair_island, grunt_tough_drop
Lair:1:   beast_lair_carwin_large_1, layout_cave_pods, serial_bayou_shore_a,
          lemuel_fruit_fields

Skill      XL: |  1  2  3  4  5  6  7  8  9 10 11 |
---------------+----------------------------------+-----
Long Blades    | 3 4 5 6 7 9 11 13 14 | 14.0
Shields        | 4 5 6 7 8 9 10 | 10.8
Invocations    | 3 |  3.6
Evocations     | 4 |  4.1
Fighting       | 4 |  4.8
Dodging        | |  2.6

Action                   |  1- 3 |  4- 6 |  7- 9 | 10-12 || total
-------------------------+-------+-------+-------+-------++-------
Melee: Long sword        |    65 |   223 |   319 |   284 ||   891
       Tailslap          |    12 |    31 |    44 |    48 ||   135
Throw: Stone             |    68 |   125 |   115 |   104 ||   412
Invok: Divine Shield     |       |       |     2 |       ||     2
 Abil: Breathe Steam     |       |       |    17 |    23 ||    40
Evoke: Wand              |       |       |       |     2 ||     2
  Use: Scroll            |     1 |     1 |     8 |     2 ||    12
       Potion            |       |     1 |     2 |     2 ||     5
Armor: Skin              |    12 |    88 |   100 |    39 ||   239
Dodge: Dodged            |    26 |   125 |   150 |    80 ||   381
Block: Kite shield       |    30 |   155 |   220 |   123 ||   528
       Rpst.: Long sword |    13 |    38 |    45 |    20 ||   116

Table legend: (Time is in decaauts)
 A = Elapsed time spent in this place.
 B = Non-inter-level travel time spent in this place.
 C = Inter-level travel time spent in this place.
 D = Time resting spent in this place.
 E = Time spent auto-exploring this place.
 F = Levels seen in this place.
 G = Mean time per level.
                   A        B        C        D        E       F      G
               +--------+--------+--------+--------+--------+-----+--------+
         Total |  14852 |  14432 |    420 |   1012 |  10899 |  11 | 1350.2 |
       Dungeon |  13244 |  12824 |    420 |   1012 |   9536 |   9 | 1471.6 |
          Lair |   1221 |   1221 |      0 |      0 |   1097 |   1 | 1221.0 |
       Ossuary |    386 |    386 |      0 |      0 |    266 |   1 |  386.0 |
               +--------+--------+--------+--------+--------+-----+--------+

Top non-repeatable levels by time:
     D:9: 2297 daAuts
     D:4: 1795 daAuts
     D:3: 1710 daAuts
     D:1: 1601 daAuts
     D:5: 1493 daAuts
  Lair:1: 1221 daAuts
     D:7: 1182 daAuts
     D:2: 1145 daAuts
     D:6: 1136 daAuts
     D:8: 883 daAuts
 Ossuary: 386 daAuts
